 Dungeon Crawl Stone Soup version 0.25.1-2-g60ff931df9 (webtiles) character file.

Game seed: 4332675119405438678

464 Revguard the Chopper (level 6, 0/79 HPs)
             Began as a Draconian Berserker on Aug 7, 2020.
             Was a Believer of Trog.
             Slain by an orc priest
             ... wielding a +0 trident
              (3 damage)
             ... on level 4 of the Dungeon.
             The game lasted 00:10:09 (3267 turns).

Revguard the Chopper (Draconian Berserker)          Turns: 3267, Time: 00:10:11

Health: 0/79       AC:  9    Str: 18    XL:     6   Next: 80%
Magic:  6/6        EV: 14    Int:  7    God:    Trog [**....]
Gold:   107        SH:  0    Dex: 12    Spells: 5/5 levels left

rFire    . . .     SeeInvis .   a - +1 hand axe
rCold    . . .     Gourm    .   (no shield)
rNeg     . . .     Faith    .   (armour unavailable)
rPois    .         Spirit   .   (helmet restricted)
rElec    .         Reflect  .   j - +0 cloak
rCorr    .         Harm     .   d - +0 pair of gloves
MR       ++...                  h - +0 pair of boots
Stlth    ..........             (no amulet)
HPRegen  1.23/turn              c - ring of stealth
MPRegen  0.10/turn              (no ring)

@: berserking, regenerating, very quick
A: unfitting armour, hooves 1, horns 1, weak 1, cold-blooded, subdued magic 1,
AC +6
a: Berserk, Trog's Hand, Renounce Religion


You were on level 4 of the Dungeon.
You worshipped Trog.
Trog was pleased with you.
You were very hungry.

You visited 1 branch of the dungeon, and saw 4 of its levels.

You collected 107 gold pieces.

Inventory:

Hand Weapons
 a - a +1 hand axe (weapon)
 g - a +1 battleaxe
Armour
 d - a +0 pair of gloves (worn)
 h - a +0 pair of boots (worn)
 j - a +0 cloak (worn)
Jewellery
 c - a ring of stealth (left hand)
Wands
 m - a wand of flame (24)
Scrolls
 k - a scroll of fear {unknown}
 l - 4 scrolls of identify
 o - 2 scrolls of remove curse
 p - a scroll of teleportation {unknown}
Potions
 e - a potion of might {unknown}
 f - a potion of lignification {unknown}
 n - a potion of curing
 q - a potion of flight {unknown}
 r - a potion of berserk rage {unknown}
Comestibles
 b - 5 rations


   Skills:
 + Level 4.7 Fighting
 + Level 5.7 Axes
 + Level 4.4 Dodging
 * Level 1.2 Evocations


You had 5 spell levels left.
You didn't know any spells.
Your spell library was empty.

Dungeon Overview and Level Annotations

Branches:
Dungeon (4/15)
 Temple: D:4-7

Altars:
Makhleb
Zin


Innate Abilities, Weirdness & Mutations

Your plain brown scales are hard. (AC +6)
You cannot fit into any form of body armour.
You are cold-blooded and may be slowed by cold attacks.
You have large cloven feet.
You have a pair of small horns on your head.
You are weak. (Str -2)
Your spells are a little easier to cast, but a little less powerful.


Message History

It was a potion of curing.
You feel better. The orc misses you. The orc hits you with a +0 hand axe!
* * * LOW HITPOINT WARNING * * *
Something barely misses you.
The orc priest hits you from afar with a +0 trident.
* * * LOW HITPOINT WARNING * * *
Your skin crawls.
You feel resistant to hostile enchantments.
You feel somewhat more hungry. The orc wizard completely misses you.
The orc hits you but does no damage.
The orc priest mumbles some strange prayers to Beogh against you.
Beogh smites you!
* * * LOW HITPOINT WARNING * * *
A red film seems to cover your vision as you go berserk!
You feel yourself moving faster!
You feel mighty!
You are feeling very hungry.
The orc wizard hits you but does no damage.
The orc misses you. The orc hits you but does no damage.
The orc priest hits you from afar with a +0 trident.
You die...

########.....###......#
.......#.....# #.)....#
.......#.....###......#
.......+......##.!....#
.......#......##......#
.......#.......#o.....#
.(.....#.....#.#ooo...#
.......#.....#.#oo....#
.......#.....#.#@.....#
.......#.....#........#
.......#.....##.####.##
.......#..... #.. .#
######## ##.# # .# .. #
#.# # .#


You could see an orc priest, an orc wizard and 4 orcs.

Vanquished Creatures
  Sigmund (D:2)
  A phantom (D:4)
  Crazy Yiuf (D:3)
  4 gnolls (D:3)
  6 adders
  An ooze (D:1)
  3 worms (D:2)
  4 leopard geckos
  2 orcs
  11 bats
  5 giant cockroaches
  10 goblins
  2 hobgoblins (D:2)
  5 jackals (D:3)
  7 kobolds
  A ball python (D:1)
  4 frilled lizards
  A leopard gecko skeleton (D:4)
  8 rats
77 creatures vanquished.

Notes
Turn   | Place    | Note
-------+----------+-------------------------------------------
     0 | D:1      | Revguard the Draconian Berserker began the quest for the
                  | Orb.
     0 | D:1      | Reached XP level 1. HP: 19/19 MP: 1/1
   179 | D:1      | Reached XP level 2. HP: 26/26 MP: 2/2
   940 | D:1      | Reached XP level 3. HP: 33/33 MP: 3/3
  1161 | D:2      | Reached ** piety under Trog
  1241 | D:2      | Noticed Sigmund
  1254 | D:2      | Killed Sigmund
  1254 | D:2      | Reached skill level 4 in Axes
  1254 | D:2      | Reached XP level 4. HP: 41/41 MP: 4/4
  1254 | D:2      | Reached XP level 5. HP: 47/47 MP: 5/5
  1525 | D:2      | Reached skill level 5 in Axes
  1751 | D:2      | Reached XP level 6. HP: 53/53 MP: 6/6
  1850 | D:2      | Gained mutation: You are weak. (Str -2) [potion of
                  | mutation]
  1850 | D:2      | Gained mutation: You have a pair of small horns on your
                  | head. [potion of mutation]
  1850 | D:2      | Gained mutation: Your spells are a little easier to cast,
                  | but a little less powerful. [potion of mutation]
  1850 | D:2      | Gained mutation: You have large cloven feet. [potion of
                  | mutation]
  2291 | D:3      | Found a runed translucent door.
  2292 | D:3      | Noticed Crazy Yiuf
  2358 | D:3      | Killed Crazy Yiuf
  3059 | D:3      | Found a glowing silver altar of Zin.
  3061 | D:3      | Found a burning altar of Makhleb.
  3062 | D:3      | Noticed an Executioner
  3062 | D:3      | Noticed an angel
  3179 | D:4      | Reached skill level 1 in Evocations
  3266 | D:4      | HP: 1/53 [orc priest/divine providence (12)]
  3267 | D:4      | Slain by an orc priest

Illustrated notes

Levels and vault maps discovered:
D:1:      ncdulo_smallfort, layout_basic, grunt_decor_arrowhead,
          hangedman_feature_mirror
D:2:      layout_rooms, uniq_sigmund
D:3:      layout_basic, grunt_temple_overflow_order_and_chaos_2,
          minmay_tree_intersection, moated_statue, minivault_19,
          minmay_misc_feat_roman, uniq_crazy_yiuf_cottage
D:4:      layout_basic, first_ration

Skill      XL: |  1  2  3  4  5  6 |
---------------+-------------------+-----
Dodging        | 3 4 |  4.4
Fighting       | 4 |  4.7
Axes           | 4 5 |  5.7
Evocations     | 1 |  1.2

Action                   |  1- 3 |  4- 6 || total
-------------------------+-------+-------++-------
Melee: Hand axe          |    86 |    97 ||   183
       Tailslap          |     8 |    15 ||    23
       Battleaxe         |       |    27 ||    27
       Headbutt          |       |    10 ||    10
Invok: Berserk           |     1 |     2 ||     3
       Trog's Hand       |     1 |     2 ||     3
  Use: Scroll            |     1 |     7 ||     8
       Potion            |       |     2 ||     2
 Stab: Sleeping          |       |     2 ||     2
  Eat: Chunk             |     1 |     9 ||    10
Armor: Skin              |    53 |    55 ||   108
Dodge: Dodged            |   110 |   120 ||   230
